 Dungeon Crawl Stone Soup version 0.20-a0-751-g905781e (webtiles) character file.

732 Jm2c the Magician (level 7, -16/37 HPs)
             Began as a Deep Elf Fire Elementalist on Feb 23, 2017.
             Was an Initiate of Vehumet.
             Demolished by Menkaure (20 damage)
             ... on level 5 of the Dungeon on Feb 25, 2017.
             The game lasted 00:55:02 (6168 turns).

Jm2c the Magician (Deep Elf Fire Elementalist)      Turns: 6168, Time: 00:55:03

Health: -16/37     AC:  9    Str:  5    XL:     7   Next: 45%
Magic:  0/18       EV: 14    Int: 22    God:    Vehumet [......]
Gold:   242        SH:  0    Dex: 15    Spells: 6/18 levels left

rFire    . . .     SeeInvis .   a - +0 dagger (protect)
rCold    . . .     Gourm    .   s - +0 robe
rNeg     . . .     Faith    .   (no shield)
rPois    .         Spirit   .   (no helmet)
rElec    .         Reflect  .   (no cloak)
rCorr    .         Harm     .   (no gloves)
MR       .....                  (no boots)
Stlth    ++........             (no amulet)
Regen    0.2/turn               (no ring)
MPRegen  0.2/turn               (no ring)

@: protection aura, slowed, very slow
A: no striking features
a: Renounce Religion


You were on level 5 of the Dungeon.
You worshipped Vehumet.
Vehumet was noncommittal.
You were not hungry.

You visited 2 branches of the dungeon, and saw 6 of its levels.

You collected 242 gold pieces.

Inventory:

Hand Weapons
 a - a +0 dagger of protection (weapon)
 b - a +1 blowgun
 g - a +1 whip of flaming
Missiles
 r - 24 poisoned needles
Armour
 s - a +0 robe (worn)
Jewellery
 t - an uncursed amulet of rage
Scrolls
 d - 3 scrolls of remove curse
 h - 3 scrolls of enchant armour {unknown}
 l - 3 scrolls of teleportation
 m - 3 scrolls of identify
 n - 2 scrolls of immolation
Potions
 e - 3 potions of flight
 f - 3 potions of heal wounds
 i - a potion of brilliance {unknown}
 j - 5 potions of curing
 k - a potion of haste {unknown}
 p - a potion of degeneration {unknown}
Books
 q - a book of Flames

   Spells                             Type                      Level
   a - Flame Tongue                   Conjuration/Fire             1
   b - Throw Flame                    Conjuration/Fire             2
   c - Conjure Flame                  Conjuration/Fire             3
   d - Inner Flame                    Hexes/Fire                   3
   e - Sticky Flame                   Conjuration/Fire             4
   f - Fireball                       Conjuration/Fire             5
 u - a book of Frost

   Spells                             Type                      Level
   a - Freeze                         Ice                          1
   b - Throw Frost                    Conjuration/Ice              2
   c - Ozocubu's Armour               Charms/Ice                   3
   d - Throw Icicle                   Conjuration/Ice              4
   e - Summon Ice Beast               Ice/Summoning                4
Comestibles
 c - 4 bread rations
 o - 5 fruits
 v - 2 chunks of flesh


   Skills:
 + Level 0.4 Fighting
 * Level 1.1 Short Blades
 + Level 3.5 Dodging
 - Level 2.5 Stealth
 - Level 6.4 Spellcasting
 - Level 4.7 Conjurations
 - Level 6.0 Fire Magic


You had 6 spell levels left.
You knew the following spells:

 Your Spells              Type           Power        Failure   Level  Hunger
a - Flame Tongue          Conj/Fire      ####.        1%          1    None
b - Throw Flame           Conj/Fire      ####..       1%          2    None
c - Conjure Flame         Conj/Fire      ####....     2%          3    #......
d - Sticky Flame          Conj/Fire      ####....     12%         4    ###....
e - Throw Frost           Conj/Ice       ###...       8%          2    None


Dungeon Overview and Level Annotations

Branches:
Dungeon (5/15)             Temple (1/1) D:4

Altars:
Ashenzari
Cheibriados
Dithmenos
Elyvilon
Fedhas
Gozag
Hepliaklqana
Kikubaaqudgha
Makhleb
Qazlal
Ru
Sif Muna
Trog
Uskayaw
Vehumet
Wu Jian
Xom
Yredelemnul
Zin
The Shining One

Annotations:
D:5 Menkaure


Message History

Menkaure is almost destroyed.
Menkaure calls on the powers of darkness!
Your body is wracked with pain!
* * * LOW HITPOINT WARNING * * *
Your +0 dagger of protection hums with potential!
a - a +0 dagger of protection (weapon)
Menkaure calls on the powers of darkness!
Your body is wracked with pain!
* * * LOW HITPOINT WARNING * * *
You hear a shout!
Menkaure calls on the powers of darkness!
Your body is wracked with pain!
* * * LOW HITPOINT WARNING * * *
An orc priest comes into view. It is wielding a dagger of venom.
You hit Menkaure but do no damage.
Your weapon exudes an aura of protection.
Menkaure is almost destroyed.
Menkaure hits you!!
Ouch! That really hurt!
You die...

#......
#.....#
.....##
#.?..#
#..#.#
##...#
##)## #M#
##@## #
###...##.#
#......o.#
###...##.#
### ##.##
....# #.#
##.# #.#
#.# #
#.#### #<#
.# #....#
#.# #.#


You could see Menkaure and an orc priest.

Vanquished Creatures
  2 ogres (D:4)
  A howler monkey (D:5)
  A crimson imp (D:5)
  A centaur zombie (D:3)
  An orc priest (D:3)
  2 hounds
  An orc wizard (D:5)
  Jessica (D:2)
  2 iguanas (D:4)
  A worker ant (D:4)
  A hound zombie (D:5)
  6 adders
  8 gnolls (D:3)
  An adder skeleton (D:4)
  2 worms
  A leopard gecko (D:4)
  6 orcs
  2 ball pythons
  11 giant cockroaches
  6 goblins
  5 hobgoblins
  4 jackals (D:3)
  A quokka (D:2)
  13 bats
  6 frilled lizards
  8 kobolds
  7 rats
101 creatures vanquished.

Notes
Turn   | Place    | Note
-------+----------+-------------------------------------------
     0 | D:1      | Jm2c the Deep Elf Fire Elementalist began the quest for the Orb.
     0 | D:1      | Reached XP level 1. HP: 10/10 MP: 6/6
   194 | D:1      | Reached XP level 2. HP: 15/15 MP: 0/8
   793 | D:1      | Learned a level 2 spell: Throw Flame
  1516 | D:2      | Reached XP level 3. HP: 11/19 MP: 0/10
  1623 | D:2      | Learned a level 3 spell: Conjure Flame
  1629 | D:2      | Noticed Jessica
  1659 | D:2      | Killed Jessica
  1761 | D:2      | Reached XP level 4. HP: 23/24 MP: 1/11
  2878 | D:3      | Reached XP level 5. HP: 28/28 MP: 3/13
  3026 | D:3      | Found a sacrificial altar of Ru.
  3318 | D:3      | Reached skill level 5 in Spellcasting
  3525 | D:3      | Reached skill level 5 in Fire Magic
  3753 | D:3      | Learned a level 4 spell: Sticky Flame
  3967 | D:3      | Reached XP level 6. HP: 32/32 MP: 3/15
  4380 | D:3      | Upgraded the game from 0.20-a0-736-gd3249da to 0.20-a0-738-gb057e68
  4430 | D:4      | Found a shadowy altar of Dithmenos.
  4910 | D:4      | Found a shimmering altar of Xom.
  4916 | D:4      | Found a radiant altar of Vehumet.
  4941 | D:4      | Became a worshipper of Vehumet
  5096 | D:4      | Reached XP level 7. HP: 36/36 MP: 6/18
  5252 | D:4      | Found a staircase to the Ecumenical Temple.
  5279 | Temple   | Entered the Ecumenical Temple
  5820 | D:5      | Entered Level 5 of the Dungeon
  5968 | D:5      | Found a stormy altar of Qazlal.
  6019 | D:5      | Found a glowing golden altar of the Shining One.
  6036 | D:5      | Learned a level 2 spell: Throw Frost
  6129 | D:5      | Upgraded the game from 0.20-a0-738-gb057e68 to 0.20-a0-751-g905781e
  6161 | D:5      | Noticed Menkaure
  6161 | D:5      | Reached skill level 1 in Short Blades
  6168 | D:5      | Demolished by Menkaure

Vault maps used:
D:1:      dpeg_arrival_ternary, minivault_5
D:2:      minmay_wonky_spiral, uniq_jessica
D:3:      first_bread, nicolae_ru_the_path_less_chosen
D:4:      lemuel_crystal_altar, lemuel_doored_altar,
          nicolae_dithmenos_the_darkroom, minmay_temple_entry_statues_fountains
D:5:      minmay_diamond_boxcup, kennysheep_little_box, old_standard_altar,
          dk_rats_in_the_wall, uniq_menkaure
Temple:   nicolae_temple_great_sept

Skill      XL: |  1  2  3  4  5  6  7 |
---------------+----------------------+-----
Fire Magic     | 4 5 6 |  6.0
Conjurations   | 2 3 4 |  4.7
Dodging        | 3 |  3.5
Spellcasting   | 4 5 6 |  6.4
Short Blades   | 1 |  1.1
Fighting       | |  0.4
Stealth        | |  2.5

Action                   |  1- 3 |  4- 6 |  7- 9 || total
-------------------------+-------+-------+-------++-------
Melee: Whip              |    11 |     4 |       ||    15
       Dagger            |       |       |     1 ||     1
 Fire: Blowgun           |       |    14 |     1 ||    15
 Cast: Flame Tongue      |    37 |    11 |    15 ||    63
       Throw Flame       |    24 |   110 |    17 ||   151
       Conjure Flame     |       |     5 |       ||     5
       Throw Frost       |       |       |     8 ||     8
  Use: Scroll            |     5 |     5 |     2 ||    12
  Eat: Chunk             |     3 |     5 |     2 ||    10
       Fruit             |       |     1 |       ||     1
       Meat ration       |       |     1 |       ||     1
       Royal jelly       |       |       |     1 ||     1
Armor: Robe              |     1 |     1 |     1 ||     3
Dodge: Dodged            |    26 |     7 |     5 ||    38
